 Dungeon Crawl Stone Soup version 0.31-a0-925-g0a390f2509 (webtiles) character file.

Game seed: 16201686871396742505

1553 omnomnOMINOUS the Trooper (level 8, -4/57 HPs)
             Began as an Octopode Wanderer on Oct 18, 2023.
             Was an Initiate of the Shining One.
             Slain by a centaur
             ... wielding a +0 long sword
              (7 damage)
             ... on level 5 of the Dungeon.
             The game lasted 00:20:21 (5215 turns).

omnomnOMINOUS the Trooper (Octopode Wanderer)       Turns: 5215, Time: 00:20:22

Health: -4/57      AC:  1    Str: 12    XL:     8   Next: 88%
Magic:  2/11       EV: 14    Int: 17    God:    the Shining One [......]
Gold:   934        SH:  0    Dex: 10    Spells: 4/12 levels left

rFire   . . .        a - +2 hand axe
rCold   + . .        (no shield)
rNeg    . . .        t - +0 hat
rPois   .            n - amulet of regeneration
rElec   .            i - ring of protection from cold
rCorr   .            (no ring)
SInv    .            (no ring)
Will    .....        (no ring)
Stlth   +            (no ring)
HPRegen 1.09/turn    (no ring)
MPRegen 0.12/turn    (no ring)
                     (no ring)

%: no passive effects
@: mighty, brilliant, very slightly contaminated, glowing
A: almost no armour, amphibious, 8 rings, camouflage 1, gelatinous body 1,
(nimble swimmer 1), tentacles
a: Renounce Religion


You were on level 5 of the Dungeon.
You worshipped the Shining One.
The Shining One was noncommittal.
You visited 2 branches of the dungeon, and saw 6 of its levels.
You also visited: Sewer.

You collected 934 gold pieces.

Inventory:

Hand Weapons
 a - a +2 hand axe (weapon)
 b - a +0 trident
Missiles
 l - 25 poisoned darts
 u - a curare-tipped dart
Armour
 t - a +0 hat (worn)
Jewellery
 i - a ring of protection from cold (left tentacle)
 n - an amulet of regeneration (around mantle)
Wands
 w - a wand of quicksilver (11)
Scrolls
 c - a scroll of teleportation
 e - 4 scrolls of enchant weapon
 f - a scroll of blinking
 g - a scroll of amnesia
 h - a scroll of immolation {unknown}
 k - 4 scrolls of fog {unknown}
 y - a scroll of identify
Potions
 d - 3 potions of brilliance
 j - a potion of lignification {unknown}
 m - a potion of curing
 o - a potion of berserk rage {unknown}
 p - a potion of cancellation {unknown}
 q - a potion of resistance {unknown}
 r - a potion of haste {unknown}
 s - a potion of might
 v - a potion of heal wounds {unknown}
 x - a potion of magic {unknown}


   Skills:
 + Level 6.2 Fighting
 - Level 2.0 Axes
 + Level 5.3 Dodging
 - Level 1.3 Stealth
 + Level 2.5 Spellcasting
 + Level 5.1 Conjurations
 - Level 2.0 Translocations
 - Level 4.0 Fire Magic
 + Level 1.4 Air Magic
 - Level 1.1 Evocations


You had 4 spell levels left.
You knew the following spells:

 Your Spells              Type           Power      Damage    Failure   Level
a - Foxfire               Conj/Fire      100%       2x1d9     2%          1
b - Iskenderun's Mystic   Conj/Tloc      21%        2d6       38%         4
c - Mephitic Cloud        Conj/Pois/Air  14%        N/A       22%         3

Your spell library contained the following spells:

 Spells                   Type           Power      Damage    Failure   Level
 Magic Dart               Conj           100%       1d8       2%          1
 Volatile Blastmotes      Fire/Tloc      36%        2d13      16%         3
 Cigotuvi's Dreadful Rot  Necr/Pois/Air  10%        N/A       22%         2
 Call Imp                 Summ           6%         N/A       28%         2
 Ignite Poison            Fire/Tmut/Pois 9%         N/A       32%         3
 Tukima's Dance           Hex            3%         N/A       50%         3
 Passage of Golubria      Tloc           13%        N/A       61%         4
 Dimensional Bullseye     Hex/Tloc       4%         N/A       77%         4
 Summon Lightning Spire   Summ/Air       6%         N/A       80%         4
 Olgreb's Toxic Radiance  Pois           3%         N/A       88%         4
 Freezing Cloud           Conj/Ice/Air   7%         6-21      91%         5
 Lee's Rapid Deconstruct  Erth           1%         3d4*      99%         5
 Yara's Violent Unravell  Hex/Tmut       1%         3d3       99%         5
 Discord                  Hex            1%         N/A       100%        8
 Ignition                 Fire           11%        3d5       100%        8
 Animate Armour           Summ/Erth      Unusable   N/A       N/A         4

Dungeon Overview and Level Annotations

Branches:
Dungeon (5/15)             Temple (1/1) D:4           Sewer (visited)

Altars:
Ashenzari
Cheibriados
Elyvilon
Fedhas
Gozag
Hepliaklqana
Kikubaaqudgha
Makhleb
Nemelex Xobeh
Qazlal
Sif Muna
Trog
Uskayaw
Vehumet
Yredelemnul
Zin
The Shining One


Innate Abilities, Weirdness & Mutations

You cannot wear most types of armour.
You are amphibious.
You can wear up to eight rings at the same time.
Your skin changes colour to match your surroundings (Stealth+).
Your rubbery body absorbs attacks. (AC +1, EV +1)
((You are camouflaged when in or above water. (Stealth+)))
You have tentacles for arms and can constrict up to eight enemies at once.


Message History

The centaur hits you with a +0 long sword!
The centaur kicks you.
Casting: Mephitic Cloud (dangerous; 22% risk of failure)
Confirm with . or Enter, or press ? or * to list all spells.
Aiming: Mephitic Cloud (dangerous; 22% risk of failure)
Press: ? - help, Shift-Dir - straight line, f/p - centaur
Aim: a centaur, wielding a +0 long sword and quivering stones (heavily wounded, chance to affect: 81%)
You miscast Mephitic Cloud.
You are blasted with magical energy!
* * * LOW HITPOINT WARNING * * *
The centaur hits you with a +0 long sword.
* * * LOW HITPOINT WARNING * * *
The centaur kicks you.
* * * LOW HITPOINT WARNING * * *
Unknown command.
It was a potion of brilliance.
You feel clever all of a sudden. The centaur closely misses you.
The centaur barely misses you. x2
The centaur misses you.
You feel better. The centaur barely misses you.
The centaur kicks you but does no damage.
Casting: Mephitic Cloud (dangerous; 22% risk of failure)
Confirm with . or Enter, or press ? or * to list all spells.
Aiming: Mephitic Cloud (dangerous; 22% risk of failure)
Press: ? - help, Shift-Dir - straight line, p - centaur You feel a surge of power!
The ball explodes into a vile cloud!
The stinking cloud engulfs the bush but does no damage.
The bush is lightly damaged.
The stinking cloud engulfs the centaur but does no damage.
The centaur is heavily wounded.
The centaur hits you with a +0 long sword.
* * * LOW HITPOINT WARNING * * *
The centaur kicks you.
* * * LOW HITPOINT WARNING * * *
The centaur hits you with a +0 long sword!
* * * LOW HITPOINT WARNING * * *
The centaur barely misses you.
It was a potion of might.
You feel very mighty all of a sudden.
The centaur hits you with a +0 long sword!
You die...

#.##.....##.....##
#.##########...## #.#
##'###### #.# #.......
#.## #.#.###. #####°.###
##....##^
#....☼○○.#######......#.
#.PPPP.c.##.............
#.P.PPP@.#...###......#.
#.PP_PP.#.....###.>..##.
#...PP...#...## #.#.###.
.PPP....##.## #.......
#...#....#### #.######
### ###### #.# #.# #.#
#.#


You could see a centaur.

Vanquished Creatures
  Prince Ribbit (D:5)
  Sigmund (D:2)
  A water moccasin (D:4)
  Edmund (D:5)
  An ogre (D:3)
  A phantom (D:5)
  3 kobold brigands (Sewer)
  A scorpion (D:4)
  An orc priest (D:3)
  A hound (D:5)
  3 jellies
  5 iguanas
  Ijyb (D:5)
  An orc wizard (D:3)
  11 adders
  A river rat (Sewer)
  4 worms
  3 dart slugs
  15 orcs
  6 endoplasms
  A giant cockroach (D:3)
  4 goblins
  5 hobgoblins
  9 jackals
  10 kobolds
  6 quokkas
  15 ball pythons
  5 bats
  8 frilled lizards
  11 rats
136 creatures vanquished.

Vanquished Creatures (collateral kills)
  4 foxfires (D:5)
4 creatures vanquished.

Vanquished Creatures (others)
  148 foxfires
148 creatures vanquished.

Grand Total: 288 creatures vanquished

Notes
Turn   | Place    | Note
-------+----------+-------------------------------------------
     0 | D:1      | omnomnOMINOUS the Octopode Wanderer began the quest for the
                  | Orb.
     0 | D:1      | omnomnOMINOUS set off with the following items: a +2 hand
                  | axe, a +0 hat, a scroll of teleportation; and the following
                  | spell memorised: Foxfire; and the following spells
                  | available to memorise: Volatile Blastmotes.
     0 | D:1      | Reached XP level 1. HP: 16/16 MP: 3/3
   210 | D:1      | Reached XP level 2. HP: 21/21 MP: 5/5
   471 | D:1      | Reached skill level 1 in Dodging
   476 | D:1      | Reached skill level 1 in Conjurations
   696 | D:1      | Reached XP level 3. HP: 26/26 MP: 6/6
   743 | D:1      | Found a faded altar of an unknown god.
  1258 | D:2      | Noticed Sigmund
  1288 | D:2      | Killed Sigmund
  1289 | D:2      | Reached skill level 4 in Fighting
  1289 | D:2      | Reached XP level 4. HP: 22/33 MP: 0/7
  1289 | D:2      | Reached XP level 5. HP: 25/37 MP: 0/8
  1431 | D:2      | Learned a level 4 spell: Iskenderun's Mystic Blast
  1827 | D:2      | Reached XP level 6. HP: 42/43 MP: 9/9
  2317 | D:3      | Found Sicvup's General Store.
  2388 | D:3      | Reached skill level 1 in Translocations
  2493 | D:3      | Learned a level 3 spell: Mephitic Cloud
  2859 | D:4      | Identified a scroll of acquirement
  2859 | D:4      | Acquired 665 gold pieces
  2908 | D:4      | Reached XP level 7. HP: 43/49 MP: 8/10
  3030 | D:4      | Found a glowing drain.
  3059 | Sewer    | Entered a sewer
  3377 | Sewer    | Reached skill level 5 in Fighting
  3856 | D:4      | Reached XP level 8. HP: 52/55 MP: 11/11
  3869 | D:4      | Found a staircase to the Ecumenical Temple.
  3892 | Temple   | Entered the Ecumenical Temple
  3897 | Temple   | Became a worshipper of the Shining One
  3966 | D:4      | Found a sparkling altar of Nemelex Xobeh.
  4196 | D:5      | Entered Level 5 of the Dungeon
  4305 | D:5      | Noticed Prince Ribbit
  4318 | D:5      | Killed Prince Ribbit
  4485 | D:5      | Noticed Ijyb
  4519 | D:5      | Killed Ijyb
  4710 | D:5      | Reached skill level 6 in Fighting
  4710 | D:5      | Reached skill level 5 in Dodging
  4804 | D:5      | Reached skill level 5 in Conjurations
  4843 | D:5      | Reached skill level 1 in Air Magic
  4853 | D:5      | Noticed Edmund
  4878 | D:5      | Killed Edmund
  5135 | D:5      | Found a blossoming altar of Fedhas.
  5214 | D:5      | HP: 2/57 [centaur/+0 long sword (10)]
  5215 | D:5      | Slain by a centaur

Illustrated notes

Levels and vault maps discovered:
D:1:      onia_arrival_mini_maze_b, layout_basic, basic_ecumenical_altar
D:2:      layout_loops_ring, serial_co_window_serial, co_window_corner_a,
          co_window_corner_a, co_window_paths_b, co_window_corner_a,
          co_window_corner_a, co_window_of_opportunity_a,
          co_window_of_opportunity_a, co_window_corner_a, co_window_paths_b,
          co_window_unsneaky_path_c, co_window_broadway_b, co_window_corner_b,
          co_window_2corner, co_window_of_opportunity_b, glass_columns_a,
          glass_columns_c, glass_columns_a, minmay_hexomino_u4, uniq_sigmund
D:3:      layout_rooms, serial_shops, shop, minmay_misc_feat_secret_circle
D:4:      layout_rooms, marbit_many_paths, temple_pool_b,
          cheibrodos_sewer_entry_bend, nicolae_kite_square_tiling_tiny,
          kennysheep_windowed_goal
D:5:      layout_loops_corners, fedhas_bush_and_centaur_altar, uniq_edmund,
          uniq_crazy_yiuf_cottage, uniq_prince_ribbit1, uniq_ijyb
Temple:   minmay_freezing_vapour_temple

Skill      XL: |  1  2  3  4  5  6  7  8 |
---------------+-------------------------+-----
Dodging        | 1 2 3 4 5 |  5.3
Conjurations   | 1 2 3 5 |  5.1
Fighting       | 4 5 6 |  6.2
Fire Magic     | 2 3 4 |  4.0
Translocations | 1 2 |  2.0
Air Magic      | 1 |  1.4
Axes           | |  2.0
Stealth        | |  1.3
Spellcasting   | |  2.5
Evocations     | |  1.1

Action                     |  1- 3 |  4- 6 |  7- 9 || total
---------------------------+-------+-------+-------++-------
  Melee: Hand axe          |    65 |    70 |   164 ||   299
         Constrict         |    13 |    20 |    40 ||    73
         Tentacles         |     9 |    13 |    37 ||    59
         Punch             |       |     3 |       ||     3
   Cast: Foxfire           |     7 |    18 |    60 ||    85
         Mephitic Cloud    |       |       |     4 ||     4
    Use: Scroll            |       |     8 |       ||     8
         Potion            |       |       |     4 ||     4
   Stab: Sleeping          |    11 |     8 |     8 ||    27
 Armour: Skin              |    28 |    26 |    94 ||   148
  Dodge: Dodged            |    47 |    31 |   110 ||   188

Table legend: (Time is in decaauts)
 A = Elapsed time spent in this place.
 B = Non-inter-level travel time spent in this place.
 C = Inter-level travel time spent in this place.
 D = Time resting spent in this place.
 E = Time spent auto-exploring this place.
 F = Levels seen in this place.
 G = Mean time per level.
                   A        B        C        D        E       F      G
               +--------+--------+--------+--------+--------+-----+--------+
         Total |   5280 |   5028 |    252 |    314 |   3326 |   7 |  754.3 |
       Dungeon |   4637 |   4385 |    252 |    264 |   3032 |   5 |  927.4 |
        Temple |     13 |     13 |      0 |      0 |      0 |   1 |   13.0 |
         Sewer |    628 |    628 |      0 |     50 |    294 |   1 |  628.0 |
               +--------+--------+--------+--------+--------+-----+--------+

Top non-repeatable levels by time:
     D:2: 1234 daAuts
     D:5: 1022 daAuts
     D:1: 968 daAuts
     D:4: 748 daAuts
     D:3: 663 daAuts
   Sewer: 628 daAuts
  Temple: 13 daAuts
